Description

uthermal terran school 20

VOD

https://www.youtube.com/watch?v=RAnLn-A_sZU&ab_channel=uThermal

Replay - 2020-09-08 - (T)LiquidClem VS (T)uwuThermal TvT hellions marauders drop all-in build

Build Order

Get SALT Encoding   

  12  0:00  SCV  
  13  0:12  SCV  
  14  0:16  Supply Depot  
  14  0:24  SCV  
  14  0:27  Refinery  
  15  0:38  SCV  
  16  0:44  Barracks  
  16  0:50  SCV  
  17  1:02  SCV  
  18  1:14  SCV  
  19  1:30  Reaper  
  19  1:31  Orbital Command  
  20  1:40  Command Center  
  20  1:51  Factory  
  20  1:57  SCV  
  21  2:04  Barracks Reactor  
  21  2:09  SCV  
  21  2:12  Supply Depot  
  22  2:20  Refinery  
  22  2:21  SCV  
  23  2:42  Starport  
  23  2:44  Hellion x2  
  28  2:54  Orbital Command, Barracks Tech Lab  
  29  3:05  Hellion x2  
  33  3:13  Marauder  
  35  3:22  Medivac, Concussive Shells  
  35  3:26  Hellion x2  
  39  3:30  Supply Depot  
  41  3:36  Marauder  
  45  3:43  Liberator  
  45  3:45  Supply Depot  
  45  3:52  Hellion x2  
  56  4:23  Marine x2  
  57  4:40  Marine x2  
  57  4:42  Siege Tank  
  62  4:46  Command Center  
  62  4:58  Marine  
  65  5:03  Starport Tech Lab  
  65  5:05  Refinery x2  
  65  5:10  Supply Depot  
  67  5:14  Siege Tank  
  70  5:31  Marine x2, Raven  
  76  5:46  Siege Tank  
  76  5:49  Marine x2  
  84  6:12  Engineering Bay  
  84  6:18  Factory x2, Siege Tank  
  84  6:22  Barracks Reactor  
  84  6:25  Orbital Command  
  89  6:32  Viking x2  
  95  6:39  Refinery x2  
  95  6:45  Missile Turret x2  
  97  6:50  Siege Tank  
  96  7:02  Viking x2  
  98  7:13  Siege Tank  
  102  7:17  Missile Turret x3  
  102  7:18  Hellion  
  106  7:25  Siege Tank  
  110  7:32  Viking  
  112  7:37  Viking  
  112  7:40  Hellion  
  116  7:51  Siege Tank  
  123  8:00  Armory x2  
  125  8:07  Viking  
  129  8:14  Viking  
  133  8:21  Command Center  
  133  8:22  Siege Tank x2  
  137  8:38  Viking  
  127  8:44  Viking  
  118  9:07  Factory x2  
  122  9:15  Command Center  
  114  9:54  Factory Tech Lab, Factory Reactor  
Spawning Tool Build Advisor. Get it on Overwolf

Analysis

https://www.youtube.com/watch?v=RAnLn-A_sZU&t=240s

Go to:

Details

  • Created by: matthewpiatetsky
  • Published on: Oct 29, 2020
  • Modified on: Oct 29, 2020
  • Patch: 4.11.0
  • Difficulty: Medium
Show
View Real Time Build Order
Export as new Build Order

Comments (0)

There are no comments. Be the first!

Create an account to comment!